 Dungeon Crawl Stone Soup version 0.29-a0-722-g64f5989226 (webtiles) character file.

Game seed: 12664405593113978620

28607 Bnni the Severer (level 13, -2/112 HPs)
             Began as a Demonspawn Fighter on June 28, 2022.
             Was a High Priest of Okawaru.
             Slain by a hellwing (6 damage)
             ... on level 2 of the Abyss.
             The game lasted 00:42:58 (18731 turns).

Bnni the Severer (Demonspawn Fighter)              Turns: 18731, Time: 00:43:03

Health: -2/112     AC: 21    Str: 21    XL:     13   Next: 10%
Magic:  20/21      EV:  8    Int: 10    God:    Okawaru [*****.]
Gold:   936        SH:  0    Dex: 13    Spells: 4/12 levels left

rFire   + . .      SeeInvis .   H - +4 battleaxe
rCold   . . .      Faith    .   (shield currently unavailable)
rNeg    . . .      Spirit   .   U - +4 plate armour
rPois   .          Reflect  .   (no helmet)
rElec   .          Harm     .   q - scarf {repulsion}
rCorr   .          Rampage  .   Q - +1 pair of gloves
Will    .....                   i - +0 pair of boots
Stlth   ..........              K - amulet of magic regeneration
HPRegen 0.28/turn               g - +4 ring of protection
MPRegen 0.57/turn               v - ring of protection from fire

@: heroic, repel missiles
A: hooves 2, rugged brown scales 1, powered by pain 2, spiny 2, deformed body
a: Renounce Religion, Heroism, Finesse, Duel


You were on level 2 of the Abyss.
You worshipped Okawaru.
Okawaru was extremely pleased with you.
You visited 2 branches of the dungeon, and saw 14 of its levels.
You visited the Abyss 1 time.

You collected 936 gold pieces.

Inventory:

Hand Weapons
 a - a +4 halberd
 F - a +0 scimitar of flaming
 H - a +4 battleaxe (weapon)
Missiles
 k - 2 curare-tipped darts
 O - a throwing net (quivered)
 P - 6 javelins
Armour
 i - a +0 pair of boots (worn)
 q - a scarf of repulsion (worn)
 Q - a +1 pair of gloves (worn)
 U - a +4 plate armour (worn)
Jewellery
 d - a +4 ring of protection
 g - a +4 ring of protection (left hand)
 u - a ring of flight
 v - a ring of protection from fire (right hand)
 y - a ring of poison resistance
 I - a ring of resist corrosion
 K - an amulet of magic regeneration (around neck)
Wands
 o - a wand of iceblast (3)
 A - a wand of mindburst (14)
 E - a wand of light (16)
 M - a wand of paralysis (19)
 S - a wand of digging (7)
 T - a wand of polymorph (4)
Scrolls
 c - a scroll of enchant weapon {unknown}
 f - a scroll of vulnerability {unknown}
 h - 4 scrolls of teleportation
 j - a scroll of immolation {unknown}
 m - a scroll of torment {unknown}
 n - a scroll of magic mapping {unknown}
 p - 3 scrolls of amnesia {unknown}
 t - 4 scrolls of enchant armour {unknown}
 w - 5 scrolls of fog {unknown}
 D - a scroll of summoning {unknown}
 J - a scroll of silence {unknown}
 R - a scroll of blinking {unknown}
Potions
 b - 7 potions of brilliance
 e - 3 potions of curing
 l - 4 potions of attraction
 r - 3 potions of flight
 s - 2 potions of mutation
 z - 2 potions of resistance
 B - 2 potions of lignification
 C - a potion of cancellation
 L - a potion of haste {unknown}
 N - a potion of magic {unknown}


   Skills:
 + Level 12.3(17.3) Fighting
 * Level 15.4(20.4) Axes
 - Level 2.6(7.6) Armour
 - Level 2.6(7.6) Shields
 + Level 11.7 Invocations


You had 4 spell levels left.
You knew the following spells:

 Your Spells              Type           Power      Damage    Failure   Level
a - Apportation           Tloc           0%         N/A       100%        1
b - Blink                 Tloc           0%         N/A       100%        2
c - Manifold Assault      Tloc           0%         N/A       100%        5

Your spell library contained the following spells:

 Spells                   Type           Power      Damage    Failure   Level
 Foxfire                  Conj/Fire      0%         2x1d4     100%        1
 Necrotize                Necr           0%         1d4       100%        1
 Sandblast                Erth           0%         2d4       100%        1
 Passwall                 Tmut/Erth      0%         N/A       100%        2
 Conjure Flame            Conj/Fire      0%         6-21      100%        3
 Inner Flame              Hex/Fire       0%         N/A       100%        3
 Lesser Beckoning         Tloc           0%         N/A       100%        3
 Stone Arrow              Conj/Erth      0%         3d7       100%        3
 Vampiric Draining        Necr           0%         2d6       100%        3
 Flame Wave               Conj/Fire      0%         2d4       100%        4
 Passage of Golubria      Tloc           0%         N/A       100%        4
 Agony                    Necr           0%         N/A       100%        5
 Yara's Violent Unravell  Hex/Tmut       0%         3d3       100%        5
 Summon Small Mammal      Summ           Unusable   N/A       N/A         1
 Tukima's Dance           Hex            Unusable   N/A       N/A         3

Dungeon Overview and Level Annotations

Branches:
Dungeon (13/15)            Temple (1/1) D:7            Lair (0/6) D:8
    Orc (0/2) D:11
 Vaults: D:13-14

Altars:
Ashenzari
Cheibriados
Dithmenos
Elyvilon
Fedhas
Gozag
Hepliaklqana
Kikubaaqudgha
Makhleb
Nemelex Xobeh
Okawaru
Qazlal
Ru
Sif Muna
Trog
Uskayaw
Vehumet
Wu Jian
Xom
Yredelemnul
Zin
The Shining One

Shops:
D:5 =


Innate Abilities, Weirdness & Mutations

You have hoof-like feet.
You are partially covered in rugged brown scales. (AC +1, +3% HP)
You sometimes gain power by taking damage.
You are mostly covered in sharp spines.
Armour fits poorly on your strangely shaped body.


Message History

Found a corrupted altar of Lugonu.
You start resting. 3 hellwings come into view.
Press: ? - help, v - describe, . - travel
Here: a hellwing (wandering, hasn't noticed you)
The floor.
You feel better.
The hellwing gives a chilling moan. x2
The hellwing hits you!
* * * LOW HITPOINT WARNING * * *
The hellwing closely misses you.
You hit the hellwing.
The hellwing is lightly wounded.
The hellwing swoops through the air toward you!
The hellwing is struck by your spines. The hellwing hits you!
* * * LOW HITPOINT WARNING * * *
The hellwing hits you but does no damage. x3
You feel much better.
The hellwing hits you but does no damage.
The hellwing hits you.
* * * LOW HITPOINT WARNING * * *
The hellwing swoops through the air toward you!
The hellwing hits you but does no damage.
The hellwing barely misses you. The hellwing completely misses you.
The hellwing hits you but does no damage.
You gain the combat prowess of a mighty hero.
The hellwing hits you but does no damage. x2
The hellwing is struck by your spines. The hellwing hits you!
* * * LOW HITPOINT WARNING * * *
The hellwing hits you but does no damage.
The hellwing is struck by your spines. The hellwing hits you!
* * * LOW HITPOINT WARNING * * *
The hellwing hits you but does no damage.
You feel better. The hellwing barely misses you. The hellwing hits you.
* * * LOW HITPOINT WARNING * * *
The hellwing hits you but does no damage. x2
The hellwing is struck by your spines.
The hellwing hits you but does no damage.
The hellwing hits you.
You die...

..# . # ..
...## .. ##.
. ...## ...
#. . ##..#
....
#####..##
#...####...##
.
#........###
.
##.4@4##.#..#
######4## .#
###...... #.
... _#.. #
##### .. . ..
.# #


You could see 3 hellwings.

Vanquished Creatures
  A tentacled monstrosity (Abyss:2)
  Snorg (D:11)
  Harold (D:10)
  A vault guard (D:13)
  A hydra (D:11)
  3 boulder beetles
  A two-headed ogre (D:12)
  Erica (D:9)
  A centaur warrior (D:11)
  A tengu warrior (D:13)
  A thrashing horror (Abyss:2)
  Amaemon (D:8)
  A necromancer (D:13)
  2 deep elf pyromancers (D:12)
  3 ugly things
  3 manticores
  3 large abominations (Abyss:2)
  A storm dragon simulacrum (Abyss:2)
  A smoke demon (Abyss:2)
  An orange demon (D:8)
  3 gargoyles
  Psyche (D:9)
  A kobold demonologist (D:9)
  A komodo dragon (D:11)
  An unseen horror (D:10)
  An ancient zyme (Abyss:2)
  4 trolls
  2 hornets (D:7)
  Prince Ribbit (D:9)
  5 slime creatures (D:12)
  5 yaks
  2 shadows
  12 humans (D:13)
  2 basilisks
  A neqoxec (Abyss:2)
  3 wraiths
  4 vampire mosquitoes (D:11)
  Edmund (D:6)
  A chaos spawn (Abyss:2)
  3 acid dragons
  3 orc warriors
  2 ice beasts (D:6)
  2 sky beasts
  An ogre (D:4)
  8 centaurs
  2 phantoms (D:5)
  5 kobold brigands
  3 bullfrogs
  2 necrophages
  A scorpion (D:5)
  14 wights
  17 killer bees
  4 howler monkeys
  A hound (D:5)
  2 gnoll shamans
  5 orc priests
  2 jellies (D:6)
  3 iguanas
  Natasha (thrice) (D:2)
  9 orc wizards
  14 gnolls
  11 adders
  A shadow imp (D:5)
  A white imp (D:7)
  A worm (D:3)
  5 dart slugs
  12 orcs
  10 bats
  6 endoplasms
  3 giant cockroaches
  11 goblins
  9 hobgoblins
  3 jackals (D:3)
  20 kobolds
  4 quokkas
  6 ball pythons
  2 frilled lizards (D:2)
  5 rats
296 creatures vanquished.

Notes
Turn   | Place    | Note
-------+----------+-------------------------------------------
     0 | D:1      | Bnni the Demonspawn Fighter began the quest for the Orb.
     0 | D:1      | Reached XP level 1. HP: 18/18 MP: 1/1
   166 | D:1      | Reached skill level 2 in Axes
   289 | D:1      | Gained mutation: You sometimes gain a little power by
                  | taking damage. [demonic ancestry]
   289 | D:1      | Reached XP level 2. HP: 24/24 MP: 2/2
   519 | D:1      | Reached XP level 3. HP: 27/29 MP: 3/3
   749 | D:1      | Reached skill level 3 in Axes
  1212 | D:2      | Noticed Natasha
  1234 | D:2      | Killed Natasha
  1235 | D:2      | Gained mutation: You are partially covered in sharp spines.
                  | [demonic ancestry]
  1235 | D:2      | Reached XP level 4. HP: 14/37 MP: 4/4
  1421 | D:2      | Noticed Natasha
  1430 | D:2      | Killed Natasha
  1490 | D:2      | Noticed Natasha
  1496 | D:2      | Killed Natasha
  1497 | D:2      | Reached skill level 4 in Axes
  1497 | D:2      | Gained mutation: You sometimes gain power by taking damage.
                  | [demonic ancestry]
  1497 | D:2      | Reached XP level 5. HP: 31/42 MP: 5/5
  2583 | D:3      | Gained mutation: You are mostly covered in sharp spines.
                  | [demonic ancestry]
  2583 | D:3      | Reached XP level 6. HP: 19/49 MP: 6/6
  3170 | D:4      | Reached skill level 5 in Axes
  3960 | D:4      | Reached skill level 5 in Fighting
  4239 | D:5      | Entered Level 5 of the Dungeon
  4248 | D:4      | Reached XP level 7. HP: 35/56 MP: 7/7
  4366 | D:5      | Reached skill level 6 in Axes
  4597 | D:5      | Found a blossoming altar of Fedhas.
  5051 | D:5      | Found a snail-covered altar of Cheibriados.
  5113 | D:5      | Found Voczog's Jewellery Shoppe.
  5908 | D:6      | Reached skill level 7 in Axes
  6306 | D:6      | Gained mutation: You have large cloven feet. [demonic
                  | ancestry]
  6306 | D:6      | Reached XP level 8. HP: 46/64 MP: 8/8
  6448 | D:6      | Noticed Edmund
  6460 | D:6      | Killed Edmund
  7035 | D:6      | Reached skill level 8 in Axes
  7037 | D:6      | Learned a level 1 spell: Apportation
  7394 | D:7      | Identified the +1 robe of Boredom {rCorr Str+5 Int-5}
  7494 | D:7      | Noticed a hornet
  7498 | D:7      | Killed a hornet
  7674 | D:7      | Noticed a hornet
  7680 | D:7      | Killed a hornet
  7681 | D:7      | Reached skill level 9 in Axes
  7707 | D:7      | Reached XP level 9. HP: 69/72 MP: 9/9
  7832 | D:7      | Found a staircase to the Ecumenical Temple.
  7839 | Temple   | Entered the Ecumenical Temple
  7960 | D:7      | Found a hazy altar of Hepliaklqana.
  7975 | D:7      | Found a stormy altar of Qazlal.
  8381 | D:7      | Found a shimmering blue altar of Sif Muna.
  9347 | D:8      | Found a staircase to the Lair.
  9393 | D:8      | Reached skill level 10 in Axes
  9560 | D:8      | Found an iron altar of Okawaru.
  9574 | D:8      | Became a worshipper of Warmaster Okawaru
  9805 | D:8      | Noticed Amaemon
  9807 | D:8      | Noticed an orange demon
 10104 | D:8      | Killed Amaemon
 10112 | D:8      | Killed an orange demon
 10113 | D:8      | Reached XP level 10. HP: 49/82 MP: 10/12
 10577 | D:9      | Reached * piety under Okawaru
 10755 | D:9      | Reached skill level 11 in Axes
 10872 | D:9      | Found a bloodstained altar of Trog.
 11129 | D:9      | Noticed Prince Ribbit
 11131 | D:9      | Killed Prince Ribbit
 11346 | D:9      | Noticed Psyche
 11371 | D:9      | Reached ** piety under Okawaru
 11372 | D:9      | Killed Psyche
 11373 | D:9      | Reached skill level 5 in Invocations
 12299 | D:9      | Noticed Erica
 12312 | D:9      | Killed Erica
 12312 | D:9      | Reached *** piety under Okawaru
 12313 | D:9      | Reached skill level 12 in Axes
 12590 | D:10     | Entered Level 10 of the Dungeon
 13155 | D:10     | Noticed a boulder beetle
 13164 | D:10     | Gained mutation: You are partially covered in rugged brown
                  | scales. (AC +1, +3% HP) [demonic ancestry]
 13164 | D:10     | Reached XP level 11. HP: 81/92 MP: 14/16
 13206 | D:10     | Noticed a boulder beetle
 13214 | D:10     | Killed a boulder beetle
 13215 | D:10     | Reached skill level 10 in Fighting
 13232 | D:10     | Killed a boulder beetle
 13232 | D:10     | Reached **** piety under Okawaru
 13458 | D:10     | Found a sparkling altar of Nemelex Xobeh.
 13502 | D:10     | Found a sacrificial altar of Ru.
 13804 | D:10     | Noticed Harold
 13813 | D:10     | Killed Harold
 13914 | D:11     | Found a staircase to the Orcish Mines.
 13916 | D:11     | Noticed a seven-headed hydra
 13932 | D:11     | Killed a four-headed hydra
 14264 | D:11     | Received a gift from Okawaru
 14312 | D:11     | Reached skill level 13 in Axes
 14506 | D:11     | Noticed a boulder beetle
 14512 | D:11     | Killed a boulder beetle
 14708 | D:11     | Noticed a green ugly thing
 14716 | D:11     | Killed a green ugly thing
 15163 | D:11     | Noticed a centaur warrior
 15181 | D:11     | Noticed Snorg
 15195 | D:11     | Killed Snorg
 15401 | D:11     | Killed a centaur warrior
 15401 | D:11     | Reached ***** piety under Okawaru
 15554 | D:11     | Reached XP level 12. HP: 70/103 MP: 17/19
 16119 | D:12     | Reached skill level 14 in Axes
 16306 | D:12     | Learned a level 2 spell: Blink
 16312 | D:12     | Learned a level 5 spell: Manifold Assault
 16462 | D:12     | Received a gift from Okawaru
 16463 | D:12     | Reached skill level 10 in Invocations
 16702 | D:12     | Noticed a two-headed ogre
 16711 | D:12     | Killed a two-headed ogre
 17978 | D:13     | Noticed a tengu warrior
 18003 | D:13     | Killed a tengu warrior
 18019 | D:13     | Identified the +1 ring mail "Qirpheg" {rElec rC- Int-3
                  | SInv} (Okawaru gifted it to you on level 13 of the Dungeon)
 18019 | D:13     | Received a gift from Okawaru
 18031 | D:13     | Noticed a vault guard
 18066 | D:13     | Killed a vault guard
 18067 | D:13     | Reached skill level 15 in Axes
 18183 | Abyss:2  | Cast into level 2 of the Abyss (a wizard)
 18362 | Abyss:2  | Noticed a blizzard demon
 18369 | Abyss:2  | Noticed a rakshasa
 18376 | Abyss:2  | Noticed a blizzard demon
 18384 | Abyss:2  | Noticed a tentacled starspawn
 18597 | Abyss:2  | Found a corrupted altar of Lugonu.
 18604 | Abyss:2  | Gained mutation: Armour fits poorly on your strangely
                  | shaped body. [a neqoxec]
 18665 | Abyss:2  | Gained mutation: You have hoof-like feet. [demonic
                  | ancestry]
 18665 | Abyss:2  | Reached XP level 13. HP: 40/111 MP: 16/21
 18688 | Abyss:2  | Noticed a tentacled monstrosity
 18706 | Abyss:2  | Killed a tentacled monstrosity
 18706 | Abyss:2  | Found a corrupted altar of Lugonu.
 18730 | Abyss:2  | HP: 4/112 [hellwing (11)]
 18731 | Abyss:2  | Slain by a hellwing

Illustrated notes

Levels and vault maps discovered:
D:1:      dpeg_arrival_tiny_f, layout_loops_corners
D:2:      layout_basic, kennysheep_nub, uniq_natasha
D:3:      layout_basic, grunt_ministairs_14, minmay_misc_feat_nine_boxes
D:4:      layout_cave_pods
D:5:      layout_basic, fedhas_altar_4, kennysheep_mini_moat, serial_shops,
          nicolae_inconvenience_store, nrook_uturn, grunt_ministairs_10
D:6:      layout_loops_corners, uniq_edmund
D:7:      nicolae_BIG_FREAKIN_CUBE, layout_layer_cave,
          kennysheep_orc_sif_temple, mainiacjoe_overflow_catwalk,
          nicolae_qazlal_general_emergency
D:8:      layout_loops_ring, kennysheep_okawaru_gauntlet, lair_entry_dummy,
          uniq_amaemon
D:9:      layout_stronghold, chequers_temple_overflow_statue_of_worship,
          uniq_psyche, uniq_prince_ribbit1, uniq_erica
D:10:     layout_stronghold, nemelex_spade_bored_becter, lemuel_crystal_altar,
          minmay_three_doors, uniq_harold
D:11:     nicolae_cairo_tiling_very_big, layout_cave_pools, orc_0_dummy,
          minmay_misc_feat_tower, minmay_mirror_moons_of_madness, uniq_snorg
D:12:     layout_big_octagon
D:13:     layout_loops_ring, grunt_vaults_entry_tiered
Temple:   nicolae_temple_hex_pool
Abyss:2:  base: D:10, base: D:11, gammafunk_corrupted_shrine

Skill      XL: |  1  2  3  4  5  6  7  8  9 10 11 12 |
---------------+-------------------------------------+-----
Axes           | 2 3 4 5 7 9 10 12 13 15 | 15.4
Fighting       | 4 5 6 7 8 9 11 12 | 12.3
Invocations    | 3 6 9 11 | 11.7
Armour         | |  2.6
Shields        | |  2.6

Action                   |  1- 3 |  4- 6 |  7- 9 | 10-12 | 13-15 || total
-------------------------+-------+-------+-------+-------+-------++-------
Melee: War axe           |    85 |   108 |   170 |       |       ||   363
       Battleaxe         |       |       |    30 |   379 |    16 ||   425
       Halberd           |       |       |     3 |       |       ||     3
       Scimitar          |       |       |       |     6 |       ||     6
Throw: Dart              |       |       |     4 |     2 |       ||     6
       Throwing net      |       |       |       |     3 |       ||     3
Invok: Heroism           |       |       |       |    10 |     1 ||    11
       Finesse           |       |       |       |     3 |       ||     3
Evoke: Wand              |       |       |     1 |     2 |       ||     3
  Use: Potion            |     1 |       |     6 |     2 |     4 ||    13
       Scroll            |       |       |     9 |     3 |     1 ||    13
 Stab: Invisible         |       |       |     3 |       |       ||     3
       Held in net/web   |       |       |       |     2 |       ||     2
Armor: Scale mail        |    42 |    10 |       |       |       ||    52
       Chain mail        |       |    33 |    49 |       |       ||    82
       Plate armour      |       |       |    63 |   293 |    30 ||   386
Dodge: Dodged            |    50 |    42 |    57 |   122 |    11 ||   282
       Repelled          |       |       |     2 |     1 |       ||     3
Block: Buckler           |    14 |    18 |    32 |       |       ||    64

Table legend: (Time is in decaauts)
 A = Elapsed time spent in this place.
 B = Non-inter-level travel time spent in this place.
 C = Inter-level travel time spent in this place.
 D = Time resting spent in this place.
 E = Time spent auto-exploring this place.
 F = Levels seen in this place.
 G = Mean time per level.
                   A        B        C        D        E       F      G
               +--------+--------+--------+--------+--------+-----+--------+
         Total |  18865 |  18344 |    521 |   3582 |  12159 |  15 | 1257.7 |
       Dungeon |  18221 |  17729 |    492 |   3296 |  12159 |  13 | 1401.6 |
        Temple |    103 |     74 |     29 |      0 |      0 |   1 |  103.0 |
         Abyss |    540 |    540 |      0 |    286 |      0 |   1 |  540.0 |
               +--------+--------+--------+--------+--------+-----+--------+

Top non-repeatable levels by time:
     D:9: 2099 daAuts
     D:7: 2080 daAuts
    D:11: 2063 daAuts
     D:5: 1546 daAuts
     D:3: 1428 daAuts
     D:6: 1352 daAuts
    D:10: 1326 daAuts
    D:12: 1244 daAuts
     D:8: 1132 daAuts
     D:2: 1103 daAuts
     D:1: 1025 daAuts
    D:13: 949 daAuts
     D:4: 869 daAuts
 Abyss:2: 540 daAuts
  Temple: 103 daAuts
